Hurricanes vs Penguins

Created - February 8, 2017 at 17:24

Goals
1 2 3 OT1 SO T
Hurricanes 2 0 2 0 1 5
Penguins 1 2 1 0 0 4
Shots
1 2 3 OT1 SO T
Hurricanes 13 15 8 5 5 41
Penguins 4 6 10 2 5 22

1st period

1. Penguins , Oliver Bjorkstrand 5 (Ryan Suter, Victor Hedman) at 3:19
2. Hurricanes , Marcus Foligno 1 (Jordan Oesterle) at 3:35
3. Hurricanes , Michael Frolik 17 (Zach Parise, Bryan Little) at 10:20

Penalties :
No Penalty

2nd period

4. Penguins , Jacob De La Rose 1 (Oliver Bjorkstrand, Pavel Zacha) at 2:07
5. Penguins , Brandon Saad 23 (Jakub Voracek, William Nylander) at 11:14 (PP)

Penalties :
Victor Hedman (PIT) for High sticking (Double Minor) at 2:38, Jamie McGinn (CAR) for Holding (Minor) at 9:31

3rd period

6. Hurricanes , Ron Hainsey 6 (Nick Foligno, Brad Richardson) at 13:55
7. Hurricanes , Michael Frolik 18 (Bryan Little) at 15:02
8. Penguins , Nathan MacKinnon 22 (Alexander Wennberg, Xavier Ouellet) at 19:08

Penalties :
Leo Komarov (CAR) for Hooking (Minor) at 4:56, Brian Dumoulin (CAR) for Hooking (Minor) at 15:46

Overtime #1

No Goal

Penalties :
No Penalty

Shootout

Penalty Shot by Bryan Little for Hurricanes - Stopped by Connor Hellebuyck
Penalty Shot by Nathan MacKinnon for Penguins - Stopped by Frederik Andersen
Penalty Shot by Zach Parise for Hurricanes - Shot Misses the Net
Penalty Shot by Alexander Wennberg for Penguins - Stopped by Frederik Andersen
Penalty Shot by Michael Frolik for Hurricanes - Shot Misses the Net
Penalty Shot by David Perron for Penguins - Stopped by Frederik Andersen
Penalty Shot by Jamie McGinn for Hurricanes - Shot Misses the Net
Penalty Shot by Brandon Saad for Penguins - Stopped by Frederik Andersen
Penalty Shot by Lee Stempniak for Hurricanes - Goal!
Penalty Shot by Phil Kessel for Penguins - Stopped by Frederik Andersen

Penalties :
No Penalty

Goalie Stats

Frederik Andersen (CAR), 18 saves from 22 shots - (0.818), W, 19-11-4, 65:00 minutes
Connor Hellebuyck (PIT), 37 saves from 41 shots - (0.902), OTL, 12-10-1, 64:58 minutes

Players Stats for Hurricanes

Player Name              G  A  P  +/- PIM S  H  SB GA TA FO     MP     PP MP  PK MP  
------------------------------------------------------------------------------------
Alex Chiasson            0  0  0   0  0   1  0  0  0  0  0/0     8:45   0:00   2:20 
Brad Richardson          0  1  1   2  0   1  0  0  0  0  10/20  13:53   0:00   2:52 
Brian Boyle              0  0  0   0  0   0  0  0  0  0  3/6     6:40   0:00   1:01 
Brian Dumoulin           0  0  0   0  2   1  4  0  0  0  0/0    19:14   0:00   1:23 
Brian Strait             0  0  0   0  0   0  0  1  0  0  0/0     7:11   0:00   1:17 
Bryan Little             0  2  2   0  0   4  0  1  0  0  11/25  24:17   2:13   0:00 
Dustin Byfuglien         0  0  0   0  0   0  1  1  0  0  0/0    25:31   1:46   3:01 
Jamie McGinn             0  0  0  -1  2   4  3  0  0  0  0/1    16:58   2:13   0:00 
Jordan Oesterle          0  1  1   1  0   1  0  1  0  0  0/0    18:42   2:13   0:00 
Keith Yandle             0  0  0   0  0   1  1  0  0  0  0/0    19:55   1:46   0:00 
Kyle Quincey             0  0  0   1  0   1  1  0  0  0  0/0    15:23   0:00   3:01 
Lee Stempniak            0  0  0  -1  0   3  2  0  0  0  2/2    18:07   0:00   3:21 
Leo Komarov              0  0  0  -1  2   6  3  0  0  0  12/25  20:42   1:46   1:48 
Marcus Foligno           1  0  1   2  0   1  1  0  0  0  0/0     9:59   0:00   0:00 
Michael Frolik           2  0  2   0  0   6  0  0  0  0  1/1    23:15   1:46   0:00 
Nick Foligno             0  1  1   2  0   6  0  0  0  0  2/3    17:24   1:46   0:00 
Ron Hainsey              1  0  1   0  0   2  0  0  0  0  0/0    24:03   2:13   2:40 
Zach Parise              0  1  1   0  0   3  3  0  0  0  2/3    24:17   2:13   0:00 

Players Stats for Penguins

Player Name              G  A  P  +/- PIM S  H  SB GA TA FO     MP     PP MP  PK MP  
------------------------------------------------------------------------------------
Alexander Wennberg       0  1  1  -1  0   0  1  0  0  0  15/31  21:19   2:56   0:00 
Brandon Saad             1  0  1   0  0   3  1  0  0  0  1/2    20:13   2:45   0:25 
David Perron             0  0  0  -1  0   1  0  0  0  0  0/0    12:13   0:00   0:00 
David Savard             0  0  0  -3  0   1  0  2  0  0  0/0    24:45   2:30   2:18 
Dmitry Kulikov           0  0  0   0  0   1  3  3  0  0  0/0    19:07   2:30   2:33 
Jacob De La Rose         1  0  1   1  0   1  1  0  0  0  1/1     7:54   0:00   1:38 
Jakub Voracek            0  1  1   0  0   1  0  0  0  0  0/3    20:37   2:45   0:00 
Luke Glendening          0  0  0  -1  0   2  0  1  0  0  12/19  14:34   0:00   2:21 
Nathan MacKinnon         1  0  1  -1  0   3  1  0  0  0  1/4    20:55   2:56   0:00 
Oliver Bjorkstrand       1  1  2   1  0   3  0  0  0  0  0/0     6:16   0:00   0:00 
Pavel Zacha              0  1  1   1  0   1  0  0  0  0  3/9     7:30   0:00   1:14 
Phil Kessel              0  0  0  -1  0   3  1  0  0  0  0/0    21:17   2:56   0:00 
Ryan Callahan            0  0  0  -1  0   1  4  0  0  0  1/2    14:33   0:00   2:20 
Ryan Suter               0  1  1   1  0   0  1  0  0  0  0/0    27:38   3:11   2:10 
Victor Hedman            0  1  1   1  4   1  2  3  0  0  0/0    25:29   3:11   0:00 
William Nylander         0  1  1   0  0   0  0  1  0  0  9/15   18:40   2:45   0:00 
Willie Mitchell          0  0  0  -2  0   0  3  4  0  0  0/0    19:42   0:00   0:45 
Xavier Ouellet           0  1  1   1  0   0  1  0  0  0  0/0    13:18   0:00   0:12 

3 Stars

1 - Michael Frolik (CAR)
2 - Oliver Bjorkstrand (PIT)
3 - Marcus Foligno (CAR)

Power Play

Hurricanes - 0 on 2 Attempt(s) - 0.00%
Penguins - 1 on 3 Attempt(s) - 33.33%

Penalty Kill

Hurricanes - 2 on 3 Attempt(s) - 66.67% - Score 0 goal in Penalty Kill
Penguins - 2 on 2 Attempt(s) - 100.00% - Score 0 goal in Penalty Kill

Team Stat

Hurricanes - Hits : 19 - Faceoff Wins : 43 - Blocked Shots : 4 - Penalty Minutes : 6
Penguins - Hits : 19 - Faceoff Wins : 43 - Blocked Shots : 14 - Penalty Minutes : 4

Official

Referees : Tom Kowal and Kevin Pollock
Linesman : Devin Berg and Steve Barton

Game Notes

No Game Note

Finance

Level 1 -- Attendance: 6058 (93.20%) -- Ticket Income $666,380
Level 2 -- Attendance: 4879 (97.58%) -- Ticket Income $390,320
Level 3 -- Attendance: 2571 (73.46%) -- Ticket Income $167,115
Level 4 -- Attendance: 1971 (82.57%) -- Ticket Income $98,550
Luxury Box -- Attendance: 884 (88.40%) -- Ticket Income $167,960
Game was played at the Consol Energy Center.
Total Attendance: 16363 (88.99%)
Total Ticket Income: $1,490,325
Other Income: $223,549
Total Income: $1,713,874

% Time on Ice - Hurricanes

Lines # - Real PCT - Wanted PCT - Time Play
Normal Forward
1 - 40% - 38% - 19:56
2 - 29% - 31% - 14:46
3 - 20% - 20% - 9:59
4 - 11% - 11% - 5:39
Normal Defense
1 - 36% - 38% - 18:18
2 - 31% - 31% - 15:33
3 - 21% - 20% - 10:40
4 - 12% - 11% - 5:49
PP Forward
1 - 56% - 57% - 2:13
2 - 44% - 43% - 1:46
PP Defense
1 - 44% - 58% - 1:46
2 - 56% - 42% - 2:13
PK Forward
1 - 59% - 56% - 3:21
2 - 41% - 44% - 2:20
PK Defense
1 - 47% - 58% - 2:40
2 - 53% - 42% - 3:01
PK3 Forward
1 - 0% - 55%
2 - 0% - 45%
PK3 Defense
1 - 0% - 57%
2 - 0% - 43%
44 Forward
1 - 0% - 55%
2 - 0% - 45%
44 Defense
1 - 0% - 57%
2 - 0% - 43%
Last Minute Offensive  - 0:00
Last Minute Defensive  - 0:00
Total
Forward - 60:00
Defense - 60:00

% Time on Ice - Penguins

Lines # - Real PCT - Wanted PCT - Time Play
Normal Forward
1 - 32% - 33% - 15:56
2 - 32% - 33% - 15:55
3 - 24% - 23% - 12:13
4 - 12% - 11% - 6:16
Normal Defense
1 - 39% - 40% - 19:32
2 - 35% - 35% - 17:22
3 - 25% - 25% - 12:24
4 - 2% - 0% - 1:02
PP Forward
1 - 52% - 60% - 2:56
2 - 48% - 40% - 2:45
PP Defense
1 - 56% - 60% - 3:11
2 - 44% - 40% - 2:30
PK Forward
1 - 69% - 60% - 2:45
2 - 31% - 40% - 1:14
PK Defense
1 - 87% - 60% - 3:28
2 - 13% - 40% - 0:31
PK3 Forward
1 - 0% - 60%
2 - 0% - 40%
PK3 Defense
1 - 0% - 60%
2 - 0% - 40%
44 Forward
1 - 0% - 60%
2 - 0% - 40%
44 Defense
1 - 0% - 60%
2 - 0% - 40%
Last Minute Offensive  - 0:00
Last Minute Defensive  - 0:00
Total
Forward - 60:00
Defense - 60:00

Play by Play

1st period


0:01 of 1st period - Alexander Wennberg wins face-off versus Bryan Little in neutral zone.
0:06 of 1st period - Dustin Byfuglien is hit by Phil Kessel and loses puck.
0:21 of 1st period - Icing by Ryan Suter.
0:22 of 1st period - Leo Komarov wins face-off versus Alexander Wennberg in Penguins zone.
0:31 of 1st period - Shot by Jamie McGinn.
0:31 of 1st period - Stopped by Connor Hellebuyck without a rebound.
0:32 of 1st period - Brad Richardson wins face-off versus William Nylander in Penguins zone.
0:36 of 1st period - Icing by David Savard.
0:37 of 1st period - Nick Foligno wins face-off versus William Nylander in Penguins zone.
0:37 of 1st period - Nick Foligno is hit by Willie Mitchell.
1:54 of 1st period - Leo Komarov is hit by Dmitry Kulikov and loses puck.
2:37 of 1st period - Icing by Ron Hainsey.
2:38 of 1st period - Bryan Little wins face-off versus Pavel Zacha in Hurricanes zone.
2:38 of 1st period - Zach Parise is hit by Jacob De La Rose and loses puck.
2:45 of 1st period - Shot by Oliver Bjorkstrand.
2:45 of 1st period - Stopped by Frederik Andersen with a rebound.
3:19 of 1st period - Shot by Oliver Bjorkstrand.
3:19 of 1st period - Goal by Oliver Bjorkstrand - Hurricanes : 0 - Penguins : 1.
3:20 of 1st period - Alexander Wennberg wins face-off versus Brad Richardson in neutral zone.
3:35 of 1st period - Shot by Marcus Foligno.
3:35 of 1st period - Goal by Marcus Foligno - Hurricanes : 1 - Penguins : 1.
3:36 of 1st period - Luke Glendening wins face-off versus Leo Komarov in neutral zone.
3:51 of 1st period - Shot by Lee Stempniak.
3:51 of 1st period - Stopped by Connor Hellebuyck without a rebound.
3:52 of 1st period - Brad Richardson wins face-off versus Alexander Wennberg in Penguins zone.
5:15 of 1st period - Michael Frolik is hit by Xavier Ouellet and loses puck.
5:19 of 1st period - Zach Parise is hit by Dmitry Kulikov and loses puck.
5:24 of 1st period - Shot by Ron Hainsey.
5:24 of 1st period - Shot Misses the Net.
5:43 of 1st period - Icing by Jakub Voracek.
5:44 of 1st period - William Nylander wins face-off versus Brian Boyle in Penguins zone.
6:20 of 1st period - Shot by Nick Foligno.
6:20 of 1st period - Stopped by Connor Hellebuyck without a rebound.
6:21 of 1st period - Luke Glendening wins face-off versus Leo Komarov in Penguins zone.
6:21 of 1st period - Luke Glendening is hit by Lee Stempniak.
6:24 of 1st period - Icing by Ryan Callahan.
6:25 of 1st period - Leo Komarov wins face-off versus Luke Glendening in Penguins zone.
6:25 of 1st period - Leo Komarov is hit by Willie Mitchell.
6:27 of 1st period - Shot by Jamie McGinn.
6:27 of 1st period - Shot Misses the Net.
6:32 of 1st period - David Perron is hit by Brian Dumoulin and loses puck.
6:41 of 1st period - Shot by Luke Glendening.
6:41 of 1st period - Stopped by Frederik Andersen without a rebound.
6:42 of 1st period - Michael Frolik wins face-off versus Nathan MacKinnon in Hurricanes zone.
7:22 of 1st period - Shot by Alexander Wennberg.
7:22 of 1st period - Shot Misses the Net.
7:38 of 1st period - Shot by Jamie McGinn.
7:38 of 1st period - Shot Misses the Net.
7:44 of 1st period - Shot by Lee Stempniak.
7:44 of 1st period - Shot Misses the Net.
7:46 of 1st period - Shot by Leo Komarov.
7:46 of 1st period - Stopped by Connor Hellebuyck without a rebound.
7:47 of 1st period - Ryan Callahan wins face-off versus Brad Richardson in Penguins zone.
7:55 of 1st period - Icing by Kyle Quincey.
7:56 of 1st period - Luke Glendening wins face-off versus Brad Richardson in Hurricanes zone.
7:59 of 1st period - Shot by Ryan Callahan.
7:59 of 1st period - Deflect By David Perron.
7:59 of 1st period - Stopped by Frederik Andersen without a rebound.
8:00 of 1st period - Leo Komarov wins face-off versus Luke Glendening in Hurricanes zone.
8:11 of 1st period - Shot by Leo Komarov.
8:11 of 1st period - Stopped by Connor Hellebuyck with a rebound.
8:13 of 1st period - Shot by Leo Komarov.
8:13 of 1st period - Deflect By Lee Stempniak.
8:13 of 1st period - Shot Blocked by Willie Mitchell.
8:15 of 1st period - Shot by Leo Komarov.
8:15 of 1st period - Shot Misses the Net.
9:16 of 1st period - Shot by Brad Richardson.
9:16 of 1st period - Stopped by Connor Hellebuyck with a rebound.
9:20 of 1st period - Shot by Brad Richardson.
9:20 of 1st period - Shot Blocked by Willie Mitchell.
10:10 of 1st period - Shot by Bryan Little.
10:10 of 1st period - Shot Misses the Net.
10:12 of 1st period - Shot by Ron Hainsey.
10:12 of 1st period - Shot Blocked by David Savard.
10:14 of 1st period - Shot by Bryan Little.
10:14 of 1st period - Shot Blocked by Willie Mitchell.
10:20 of 1st period - Shot by Michael Frolik.
10:20 of 1st period - Goal by Michael Frolik - Hurricanes : 2 - Penguins : 1.
10:21 of 1st period - William Nylander wins face-off versus Leo Komarov in neutral zone.
10:40 of 1st period - Shot by Leo Komarov.
10:40 of 1st period - Shot Blocked by William Nylander.
10:48 of 1st period - Shot by Leo Komarov.
10:48 of 1st period - Shot Misses the Net.
11:34 of 1st period - Shot by Marcus Foligno.
11:34 of 1st period - Shot Misses the Net.
11:36 of 1st period - Shot by Kyle Quincey.
11:36 of 1st period - Stopped by Connor Hellebuyck without a rebound.
11:37 of 1st period - Bryan Little wins face-off versus Pavel Zacha in Penguins zone.
11:40 of 1st period - Shot by Zach Parise.
11:40 of 1st period - Shot Misses the Net.
11:51 of 1st period - Icing by Dustin Byfuglien.
11:52 of 1st period - Alexander Wennberg wins face-off versus Zach Parise in Hurricanes zone.
12:00 of 1st period - Icing by Dustin Byfuglien.
12:01 of 1st period - Alexander Wennberg wins face-off versus Bryan Little in Hurricanes zone.
12:07 of 1st period - Icing by Bryan Little.
12:08 of 1st period - Zach Parise wins face-off versus Alexander Wennberg in Hurricanes zone.
12:46 of 1st period - Shot by Bryan Little.
12:46 of 1st period - Shot Blocked by Dmitry Kulikov.
13:10 of 1st period - Shot by Leo Komarov.
13:10 of 1st period - Stopped by Connor Hellebuyck with a rebound.
13:16 of 1st period - Shot by Jamie McGinn.
13:16 of 1st period - Shot Misses the Net.
13:18 of 1st period - Shot by Leo Komarov.
13:18 of 1st period - Shot Misses the Net.
13:20 of 1st period - Shot by Lee Stempniak.
13:20 of 1st period - Stopped by Connor Hellebuyck with a rebound.
13:22 of 1st period - Shot by Jamie McGinn.
13:22 of 1st period - Shot Misses the Net.
13:24 of 1st period - Shot by Jamie McGinn.
13:24 of 1st period - Stopped by Connor Hellebuyck without a rebound.
13:25 of 1st period - Brandon Saad wins face-off versus Brad Richardson in Penguins zone.
14:26 of 1st period - Icing by David Savard.
14:27 of 1st period - Lee Stempniak wins face-off versus Pavel Zacha in Penguins zone.
16:31 of 1st period - Icing by Dmitry Kulikov.
16:32 of 1st period - Brad Richardson wins face-off versus William Nylander in Penguins zone.
16:55 of 1st period - Shot by Nick Foligno.
16:55 of 1st period - Stopped by Connor Hellebuyck without a rebound.
16:56 of 1st period - Leo Komarov wins face-off versus Alexander Wennberg in Penguins zone.
16:56 of 1st period - Leo Komarov is hit by Willie Mitchell.
17:11 of 1st period - Icing by Alexander Wennberg.
17:12 of 1st period - Brian Boyle wins face-off versus Alexander Wennberg in Penguins zone.
18:06 of 1st period - Icing by Dustin Byfuglien.
18:07 of 1st period - William Nylander wins face-off versus Bryan Little in Hurricanes zone.
18:16 of 1st period - Victor Hedman is hit by Zach Parise and loses puck.
18:30 of 1st period - Ryan Suter is hit by Dustin Byfuglien and loses puck.
18:53 of 1st period - Shot by Jakub Voracek.
18:53 of 1st period - Shot Misses the Net.
19:13 of 1st period - Icing by Ron Hainsey.
19:14 of 1st period - Luke Glendening wins face-off versus Bryan Little in Hurricanes zone.
19:22 of 1st period - Icing by David Savard.
19:23 of 1st period - Leo Komarov wins face-off versus Luke Glendening in Penguins zone.
19:38 of 1st period - Brian Dumoulin is hit by Ryan Callahan and loses puck.
19:43 of 1st period - Shot by David Perron.
19:43 of 1st period - Deflect By Ryan Callahan.
19:43 of 1st period - Shot Misses the Net.
Goals for this period are 2 for Hurricanes vs 1 for Penguins.
Shots for this period are 13 for Hurricanes vs 4 for Penguins.

2nd period


0:01 of 2nd period - Leo Komarov wins face-off versus William Nylander in neutral zone.
0:18 of 2nd period - Shot by Leo Komarov.
0:18 of 2nd period - Shot Misses the Net.
0:25 of 2nd period - Lee Stempniak is hit by Victor Hedman.
0:27 of 2nd period - Shot by Leo Komarov.
0:27 of 2nd period - Stopped by Connor Hellebuyck with a rebound.
0:29 of 2nd period - Shot by Keith Yandle.
0:29 of 2nd period - Stopped by Connor Hellebuyck without a rebound.
0:30 of 2nd period - Alexander Wennberg wins face-off versus Brad Richardson in Penguins zone.
1:11 of 2nd period - Shot by Alexander Wennberg.
1:11 of 2nd period - Deflect By Nathan MacKinnon.
1:11 of 2nd period - Stopped by Frederik Andersen with a rebound.
1:22 of 2nd period - Icing by Jordan Oesterle.
1:23 of 2nd period - William Nylander wins face-off versus Nick Foligno in Hurricanes zone.
1:37 of 2nd period - Off-side.
1:38 of 2nd period - Bryan Little wins face-off versus Pavel Zacha in neutral zone.
1:55 of 2nd period - Shot by Pavel Zacha.
1:55 of 2nd period - Stopped by Frederik Andersen with a rebound.
2:07 of 2nd period - Shot by Jacob De La Rose.
2:07 of 2nd period - Goal by Jacob De La Rose - Hurricanes : 2 - Penguins : 2.
2:08 of 2nd period - Leo Komarov wins face-off versus William Nylander in neutral zone.
2:38 of 2nd period - Double Minor Penalty to Victor Hedman for High sticking.
2:39 of 2nd period - Luke Glendening wins face-off versus Bryan Little in Penguins zone.
2:51 of 2nd period - Dmitry Kulikov is hit by Jamie McGinn and loses puck.
3:33 of 2nd period - Jamie McGinn is hit by Ryan Callahan.
3:39 of 2nd period - Ron Hainsey is hit by Ryan Callahan and loses puck.
4:26 of 2nd period - Icing by Dustin Byfuglien.
4:27 of 2nd period - Jacob De La Rose wins face-off versus Leo Komarov in Hurricanes zone.
4:47 of 2nd period - Shot by Michael Frolik.
4:47 of 2nd period - Stopped by Connor Hellebuyck without a rebound.
4:48 of 2nd period - Luke Glendening wins face-off versus Leo Komarov in Penguins zone.
4:53 of 2nd period - Michael Frolik is hit by Ryan Callahan and loses puck.
5:00 of 2nd period - Dmitry Kulikov is hit by Leo Komarov and loses puck.
5:07 of 2nd period - Shot by Dustin Byfuglien.
5:07 of 2nd period - Shot Misses the Net.
5:09 of 2nd period - Shot by Michael Frolik.
5:09 of 2nd period - Stopped by Connor Hellebuyck without a rebound.
5:10 of 2nd period - Leo Komarov wins face-off versus Pavel Zacha in Penguins zone.
5:50 of 2nd period - Shot by Pavel Zacha.
5:50 of 2nd period - Shot Misses the Net.
5:52 of 2nd period - Shot by David Savard.
5:52 of 2nd period - Stopped by Frederik Andersen without a rebound.
5:53 of 2nd period - Luke Glendening wins face-off versus Bryan Little in Hurricanes zone.
6:00 of 2nd period - Shot by Ryan Callahan.
6:00 of 2nd period - Deflect By Luke Glendening.
6:00 of 2nd period - Stopped by Frederik Andersen without a rebound.
6:01 of 2nd period - Bryan Little wins face-off versus Luke Glendening in Hurricanes zone.
6:10 of 2nd period - Shot by Jordan Oesterle.
6:10 of 2nd period - Shot Blocked by Dmitry Kulikov.
6:12 of 2nd period - Shot by Ron Hainsey.
6:12 of 2nd period - Stopped by Connor Hellebuyck without a rebound.
6:13 of 2nd period - Luke Glendening wins face-off versus Bryan Little in Penguins zone.
6:35 of 2nd period - Shot by Zach Parise.
6:35 of 2nd period - Deflect By Bryan Little.
6:35 of 2nd period - Stopped by Connor Hellebuyck without a rebound.
6:36 of 2nd period - Nick Foligno wins face-off versus Luke Glendening in Penguins zone.
6:54 of 2nd period - Icing by Ryan Suter.
6:55 of 2nd period - Bryan Little wins face-off versus Alexander Wennberg in Penguins zone.
6:58 of 2nd period - Shot by Michael Frolik.
6:58 of 2nd period - Shot Misses the Net.
7:06 of 2nd period - Shot by Bryan Little.
7:06 of 2nd period - Shot Misses the Net.
7:08 of 2nd period - Shot by Zach Parise.
7:08 of 2nd period - Shot Misses the Net.
8:34 of 2nd period - Shot by Brian Dumoulin.
8:34 of 2nd period - Stopped by Connor Hellebuyck without a rebound.
8:35 of 2nd period - Pavel Zacha wins face-off versus Brad Richardson in Penguins zone.
8:35 of 2nd period - Pavel Zacha is hit by Marcus Foligno.
8:42 of 2nd period - Dmitry Kulikov is hit by Kyle Quincey and loses puck.
9:31 of 2nd period - Minor Penalty to Jamie McGinn for Holding.
9:32 of 2nd period - Brian Boyle wins face-off versus Alexander Wennberg in Hurricanes zone.
9:32 of 2nd period - Brian Boyle is hit by Nathan MacKinnon.
11:06 of 2nd period - Shot by William Nylander.
11:06 of 2nd period - Shot Misses the Net.
11:14 of 2nd period - Shot by Brandon Saad.
11:14 of 2nd period - Goal by Brandon Saad - Hurricanes : 2 - Penguins : 3.
11:15 of 2nd period - Bryan Little wins face-off versus Luke Glendening in neutral zone.
11:21 of 2nd period - Icing by David Savard.
11:22 of 2nd period - Zach Parise wins face-off versus Ryan Callahan in Penguins zone.
11:37 of 2nd period - Shot by Zach Parise.
11:37 of 2nd period - Stopped by Connor Hellebuyck with a rebound.
11:39 of 2nd period - Shot by Jordan Oesterle.
11:39 of 2nd period - Stopped by Connor Hellebuyck without a rebound.
11:40 of 2nd period - William Nylander wins face-off versus Jamie McGinn in Penguins zone.
11:40 of 2nd period - William Nylander is hit by Leo Komarov.
13:55 of 2nd period - Shot by Alex Chiasson.
13:55 of 2nd period - Stopped by Connor Hellebuyck without a rebound.
13:56 of 2nd period - Pavel Zacha wins face-off versus Leo Komarov in Penguins zone.
14:19 of 2nd period - Shot by Leo Komarov.
14:19 of 2nd period - Shot Misses the Net.
14:33 of 2nd period - Shot by Jamie McGinn.
14:33 of 2nd period - Stopped by Connor Hellebuyck with a rebound.
15:03 of 2nd period - Shot by Zach Parise.
15:03 of 2nd period - Stopped by Connor Hellebuyck with a rebound.
15:34 of 2nd period - Bryan Little is hit by Victor Hedman and loses puck.
15:40 of 2nd period - Icing by Ryan Callahan.
15:41 of 2nd period - Brad Richardson wins face-off versus Luke Glendening in Penguins zone.
15:41 of 2nd period - Brad Richardson is hit by Ryan Suter.
15:47 of 2nd period - Shot by Nick Foligno.
15:47 of 2nd period - Shot Blocked by Victor Hedman.
16:01 of 2nd period - Shot by Nick Foligno.
16:01 of 2nd period - Stopped by Connor Hellebuyck without a rebound.
16:02 of 2nd period - Alexander Wennberg wins face-off versus Leo Komarov in Penguins zone.
16:35 of 2nd period - Shot by Lee Stempniak.
16:35 of 2nd period - Deflect By Leo Komarov.
16:35 of 2nd period - Shot Misses the Net.
16:46 of 2nd period - Off-side.
16:47 of 2nd period - William Nylander wins face-off versus Brad Richardson in neutral zone.
17:26 of 2nd period - Marcus Foligno is hit by Dmitry Kulikov and loses puck.
18:12 of 2nd period - Shot by Michael Frolik.
18:12 of 2nd period - Stopped by Connor Hellebuyck without a rebound.
18:13 of 2nd period - Alexander Wennberg wins face-off versus Leo Komarov in Penguins zone.
18:13 of 2nd period - Alexander Wennberg is hit by Jamie McGinn.
18:32 of 2nd period - Shot by Lee Stempniak.
18:32 of 2nd period - Shot Blocked by David Savard.
18:34 of 2nd period - Shot by Brian Dumoulin.
18:34 of 2nd period - Shot Misses the Net.
18:36 of 2nd period - Shot by Leo Komarov.
18:36 of 2nd period - Deflect By Jamie McGinn.
18:36 of 2nd period - Stopped by Connor Hellebuyck without a rebound.
18:37 of 2nd period - Luke Glendening wins face-off versus Brian Boyle in Penguins zone.
19:58 of 2nd period - Nathan MacKinnon is hit by Keith Yandle and loses puck.
Goals for this period are 0 for Hurricanes vs 2 for Penguins.
Shots for this period are 15 for Hurricanes vs 6 for Penguins.

3rd period


0:01 of 3rd period - William Nylander wins face-off versus Bryan Little in neutral zone.
0:46 of 3rd period - Shot by Jakub Voracek.
0:46 of 3rd period - Stopped by Frederik Andersen with a rebound.
1:11 of 3rd period - Off-side.
1:12 of 3rd period - Luke Glendening wins face-off versus Leo Komarov in neutral zone.
1:12 of 3rd period - David Perron is hit by Jamie McGinn and loses puck.
1:33 of 3rd period - Shot by Lee Stempniak.
1:33 of 3rd period - Stopped by Connor Hellebuyck without a rebound.
1:34 of 3rd period - Brad Richardson wins face-off versus Alexander Wennberg in Penguins zone.
1:53 of 3rd period - Shot by Phil Kessel.
1:53 of 3rd period - Stopped by Frederik Andersen without a rebound.
1:54 of 3rd period - William Nylander wins face-off versus Leo Komarov in Hurricanes zone.
2:07 of 3rd period - Shot by Brandon Saad.
2:07 of 3rd period - Stopped by Frederik Andersen without a rebound.
2:08 of 3rd period - Brad Richardson wins face-off versus Alexander Wennberg in Hurricanes zone.
3:03 of 3rd period - Icing by Willie Mitchell.
3:04 of 3rd period - Alexander Wennberg wins face-off versus Bryan Little in Penguins zone.
3:24 of 3rd period - Shot by Zach Parise.
3:24 of 3rd period - Deflect By Bryan Little.
3:24 of 3rd period - Stopped by Connor Hellebuyck with a rebound.
4:21 of 3rd period - Icing by Dmitry Kulikov.
4:22 of 3rd period - Luke Glendening wins face-off versus Leo Komarov in Penguins zone.
4:28 of 3rd period - Ryan Callahan is hit by Brian Dumoulin and loses puck.
4:56 of 3rd period - Minor Penalty to Leo Komarov for Hooking.
4:57 of 3rd period - Brad Richardson wins face-off versus Alexander Wennberg in Hurricanes zone.
5:37 of 3rd period - Shot by Alexander Wennberg.
5:37 of 3rd period - Shot Misses the Net.
5:39 of 3rd period - Shot by Victor Hedman.
5:39 of 3rd period - Shot Misses the Net.
5:41 of 3rd period - Shot by Alexander Wennberg.
5:41 of 3rd period - Deflect By Phil Kessel.
5:41 of 3rd period - Stopped by Frederik Andersen with a rebound.
5:43 of 3rd period - Shot by Ryan Suter.
5:43 of 3rd period - Shot Misses the Net.
7:21 of 3rd period - Shot by Ryan Callahan.
7:21 of 3rd period - Shot Misses the Net.
7:33 of 3rd period - Shot by David Perron.
7:33 of 3rd period - Shot Blocked by Jordan Oesterle.
7:35 of 3rd period - Shot by Luke Glendening.
7:35 of 3rd period - Shot Misses the Net.
7:37 of 3rd period - Shot by Ryan Callahan.
7:37 of 3rd period - Stopped by Frederik Andersen without a rebound.
7:38 of 3rd period - Brian Boyle wins face-off versus Pavel Zacha in Hurricanes zone.
7:52 of 3rd period - Oliver Bjorkstrand is hit by Brian Dumoulin and loses puck.
8:19 of 3rd period - Shot by Oliver Bjorkstrand.
8:19 of 3rd period - Stopped by Frederik Andersen without a rebound.
8:20 of 3rd period - Alexander Wennberg wins face-off versus Bryan Little in Hurricanes zone.
8:30 of 3rd period - Icing by David Savard.
8:31 of 3rd period - Bryan Little wins face-off versus Alexander Wennberg in Penguins zone.
9:55 of 3rd period - Shot by William Nylander.
9:55 of 3rd period - Shot Misses the Net.
10:47 of 3rd period - Shot by Nick Foligno.
10:47 of 3rd period - Stopped by Connor Hellebuyck with a rebound.
11:04 of 3rd period - Off-side.
11:05 of 3rd period - Alexander Wennberg wins face-off versus Brian Boyle in neutral zone.
11:38 of 3rd period - Shot by Nick Foligno.
11:38 of 3rd period - Stopped by Connor Hellebuyck with a rebound.
12:26 of 3rd period - Icing by David Savard.
12:27 of 3rd period - Luke Glendening wins face-off versus Bryan Little in Penguins zone.
12:27 of 3rd period - Luke Glendening is hit by Zach Parise.
13:17 of 3rd period - Icing by Dmitry Kulikov.
13:18 of 3rd period - Pavel Zacha wins face-off versus Brad Richardson in Penguins zone.
13:53 of 3rd period - Shot by Nick Foligno.
13:53 of 3rd period - Shot Misses the Net.
13:55 of 3rd period - Shot by Ron Hainsey.
13:55 of 3rd period - Goal by Ron Hainsey - Hurricanes : 3 - Penguins : 3.
13:56 of 3rd period - Leo Komarov wins face-off versus William Nylander in neutral zone.
13:59 of 3rd period - Shot by Lee Stempniak.
13:59 of 3rd period - Shot Blocked by Victor Hedman.
14:01 of 3rd period - Shot by Lee Stempniak.
14:01 of 3rd period - Shot Misses the Net.
14:35 of 3rd period - Shot by Brandon Saad.
14:35 of 3rd period - Stopped by Frederik Andersen with a rebound.
14:54 of 3rd period - Off-side.
14:55 of 3rd period - Bryan Little wins face-off versus Alexander Wennberg in neutral zone.
15:02 of 3rd period - Shot by Michael Frolik.
15:02 of 3rd period - Goal by Michael Frolik - Hurricanes : 4 - Penguins : 3.
15:03 of 3rd period - Bryan Little wins face-off versus Alexander Wennberg in neutral zone.
15:13 of 3rd period - Shot by Alexander Wennberg.
15:13 of 3rd period - Shot Misses the Net.
15:41 of 3rd period - Shot by Nathan MacKinnon.
15:41 of 3rd period - Shot Blocked by Bryan Little.
15:43 of 3rd period - Shot by Alexander Wennberg.
15:43 of 3rd period - Shot Misses the Net.
15:45 of 3rd period - Shot by Nathan MacKinnon.
15:45 of 3rd period - Shot Misses the Net.
15:46 of 3rd period - Minor Penalty to Brian Dumoulin for Hooking.
15:47 of 3rd period - Lee Stempniak wins face-off versus Jakub Voracek in Hurricanes zone.
16:05 of 3rd period - William Nylander is hit by Lee Stempniak and loses puck.
16:15 of 3rd period - Shot by William Nylander.
16:15 of 3rd period - Shot Misses the Net.
16:27 of 3rd period - Shot by Ryan Suter.
16:27 of 3rd period - Shot Blocked by Brian Strait.
16:29 of 3rd period - Shot by Victor Hedman.
16:29 of 3rd period - Stopped by Frederik Andersen without a rebound.
16:30 of 3rd period - Alexander Wennberg wins face-off versus Leo Komarov in Hurricanes zone.
16:49 of 3rd period - Shot by Alexander Wennberg.
16:49 of 3rd period - Shot Hit the Post.
16:51 of 3rd period - Shot by Dmitry Kulikov.
16:51 of 3rd period - Stopped by Frederik Andersen without a rebound.
16:52 of 3rd period - Brad Richardson wins face-off versus Brandon Saad in Hurricanes zone.
16:52 of 3rd period - Brad Richardson is hit by Brandon Saad.
17:15 of 3rd period - Off-side.
17:16 of 3rd period - Alexander Wennberg wins face-off versus Brad Richardson in neutral zone.
17:28 of 3rd period - Leo Komarov is hit by Alexander Wennberg and loses puck.
18:16 of 3rd period - Shot by Michael Frolik.
18:16 of 3rd period - Deflect By Zach Parise.
18:16 of 3rd period - Shot Blocked by Luke Glendening.
18:18 of 3rd period - Shot by Kyle Quincey.
18:18 of 3rd period - Shot Blocked by Victor Hedman.
18:22 of 3rd period - Shot by Bryan Little.
18:22 of 3rd period - Stopped by Connor Hellebuyck without a rebound.
18:23 of 3rd period - William Nylander wins face-off versus Leo Komarov in Penguins zone.
18:35 of 3rd period - William Nylander is hit by Brian Dumoulin and loses puck.
18:41 of 3rd period - Icing by Brian Dumoulin.
18:42 of 3rd period - Leo Komarov wins face-off versus Alexander Wennberg in Hurricanes zone.
18:55 of 3rd period - Nathan MacKinnon is hit by Leo Komarov and loses puck.
19:06 of 3rd period - Penguins, Connor Hellebuyck is pulled from the net.
19:08 of 3rd period - Shot by Nathan MacKinnon.
19:08 of 3rd period - Goal by Nathan MacKinnon - Hurricanes : 4 - Penguins : 4.
19:08 of 3rd period - Connor Hellebuyck from Penguins was sent back in the game.
19:09 of 3rd period - Brad Richardson wins face-off versus Jakub Voracek in neutral zone.
19:40 of 3rd period - Shot by Nick Foligno.
19:40 of 3rd period - Stopped by Connor Hellebuyck without a rebound.
19:41 of 3rd period - Bryan Little wins face-off versus Alexander Wennberg in Penguins zone.
19:58 of 3rd period - Shot by Alexander Wennberg.
19:58 of 3rd period - Shot Misses the Net.
Goals for this period are 2 for Hurricanes vs 1 for Penguins.
Shots for this period are 8 for Hurricanes vs 10 for Penguins.

Overtime #1


0:01 of 1st overtime period - Alexander Wennberg wins face-off versus Bryan Little in neutral zone.
0:16 of 1st overtime period - Shot by Bryan Little.
0:16 of 1st overtime period - Stopped by Connor Hellebuyck without a rebound.
0:17 of 1st overtime period - Leo Komarov wins face-off versus Nathan MacKinnon in Penguins zone.
0:20 of 1st overtime period - Shot by Leo Komarov.
0:20 of 1st overtime period - Stopped by Connor Hellebuyck without a rebound.
0:21 of 1st overtime period - Bryan Little wins face-off versus Alexander Wennberg in Penguins zone.
1:36 of 1st overtime period - Shot by Leo Komarov.
1:36 of 1st overtime period - Shot Blocked by Willie Mitchell.
1:55 of 1st overtime period - Shot by Leo Komarov.
1:55 of 1st overtime period - Deflect By Michael Frolik.
1:55 of 1st overtime period - Stopped by Connor Hellebuyck without a rebound.
1:56 of 1st overtime period - Brad Richardson wins face-off versus Nathan MacKinnon in Penguins zone.
2:03 of 1st overtime period - Shot by Alex Chiasson.
2:03 of 1st overtime period - Shot Blocked by Dmitry Kulikov.
2:52 of 1st overtime period - Icing by Zach Parise.
2:53 of 1st overtime period - Leo Komarov wins face-off versus Jakub Voracek in Hurricanes zone.
3:16 of 1st overtime period - Shot by Zach Parise.
3:16 of 1st overtime period - Shot Misses the Net.
3:22 of 1st overtime period - Shot by Zach Parise.
3:22 of 1st overtime period - Stopped by Connor Hellebuyck without a rebound.
3:23 of 1st overtime period - Alexander Wennberg wins face-off versus Bryan Little in Penguins zone.
4:24 of 1st overtime period - Shot by Nathan MacKinnon.
4:24 of 1st overtime period - Shot Blocked by Dustin Byfuglien.
4:38 of 1st overtime period - Shot by Nathan MacKinnon.
4:38 of 1st overtime period - Stopped by Frederik Andersen without a rebound.
4:39 of 1st overtime period - Nathan MacKinnon wins face-off versus Brad Richardson in Hurricanes zone.
4:40 of 1st overtime period - Shot by Phil Kessel.
4:40 of 1st overtime period - Stopped by Frederik Andersen with a rebound.
4:54 of 1st overtime period - Shot by Leo Komarov.
4:54 of 1st overtime period - Stopped by Connor Hellebuyck without a rebound.
4:55 of 1st overtime period - Alexander Wennberg wins face-off versus Bryan Little in Penguins zone.
4:55 of 1st overtime period - Alexander Wennberg is hit by Zach Parise.
Goals for this period are 0 for Hurricanes vs 0 for Penguins.
Shots for this period are 5 for Hurricanes vs 2 for Penguins.

ShootOut


5:00 of 1st overtime period - Penalty Shot by Bryan Little for Hurricanes.
5:00 of 1st overtime period - Stopped by Connor Hellebuyck.
5:00 of 1st overtime period - Penalty Shot by Nathan MacKinnon for Penguins.
5:00 of 1st overtime period - Stopped by Frederik Andersen.
5:00 of 1st overtime period - Penalty Shot by Zach Parise for Hurricanes.
5:00 of 1st overtime period - Shot Misses the Net.
5:00 of 1st overtime period - Penalty Shot by Alexander Wennberg for Penguins.
5:00 of 1st overtime period - Stopped by Frederik Andersen.
5:00 of 1st overtime period - Penalty Shot by Michael Frolik for Hurricanes.
5:00 of 1st overtime period - Shot Misses the Net.
5:00 of 1st overtime period - Penalty Shot by David Perron for Penguins.
5:00 of 1st overtime period - Stopped by Frederik Andersen.
5:00 of 1st overtime period - Penalty Shot by Jamie McGinn for Hurricanes.
5:00 of 1st overtime period - Shot Misses the Net.
5:00 of 1st overtime period - Penalty Shot by Brandon Saad for Penguins.
5:00 of 1st overtime period - Stopped by Frederik Andersen.
5:00 of 1st overtime period - Penalty Shot by Lee Stempniak for Hurricanes.
5:00 of 1st overtime period - Goal by Lee Stempniak.
5:00 of 1st overtime period - Penalty Shot by Phil Kessel for Penguins.
5:00 of 1st overtime period - Stopped by Frederik Andersen.